 Dungeon Crawl Stone Soup version 0.16.0-8-gd9ae3a8 (console) character file.

197 gw the Vexing (level 5, -2/41 HPs)
             Began as a Hill Orc Enchanter on Mar 17, 2015.
             Was an Initiate of Okawaru.
             Slain by Robin
             ... wielding a +2 falchion of distortion
              (5 damage)
             ... on level 3 of the Dungeon.
             The game lasted 00:03:11 (4459 turns).

gw the Vexing (Hill Orc Enchanter)                  Turns: 4459, Time: 00:03:11

Health: -2/41      AC:  8    Str: 11    XL:     5   Next: 75%
Magic:  0/10       EV: 11    Int: 18    God:    Okawaru [......]
Gold:   135        SH:  0    Dex: 11    Spells: 4 memorised, 1 level left

rFire  . . .     SeeInvis .     b - +0 dagger (venom)
rCold  . . .     Clarity  +     m - +1 leather armour {MR+}
rNeg   . . .     SustAb   .     (no shield)
rPois  .         Gourm    .     (no helmet)
rElec  .         Spirit   .     e - +2 cloak
rCorr  .         Warding  .     s - +0 pair of gloves
rMut   .         Stasis   .     (no boots)
MR     +....                    j - amulet of rage
Stlth  ++........               (no ring)
                                (no ring)

@: lethally poisoned (-2 -> -4), very slightly contaminated, somewhat resistant
to hostile enchantments, unstealthy
A: blurry vision 1, clarity, clever 1
a: Renounce Religion, Evoke Berserk Rage


You were on level 3 of the Dungeon.
You worshipped Okawaru.
Okawaru was noncommittal.
You were not hungry.

You visited 1 branch of the dungeon, and saw 3 of its levels.

You collected 135 gold pieces.

Inventory:

Hand weapons
 b - a +0 dagger of venom (weapon)
Missiles
 g - 70 stones (quivered)
 n - 7 needles of slowing
Armour
 e - a +2 cloak (worn)
 m - a +1 leather armour of magic resistance (worn)
 s - a +0 pair of gloves (worn)
Jewellery
 j - an amulet of rage (around neck)
Scrolls
 a - a scroll of teleportation {unknown}
 h - a scroll of remove curse {unknown}
Potions
 f - 2 potions of heal wounds {unknown}
 r - 2 potions of curing
Books
 c - a book of Maledictions

   Spells                             Type                      Level
   a - Corona                         Hexes                        1
   b - Sure Blade                     Hexes/Charms                 2
   c - Ensorcelled Hibernation        Hexes/Ice                    2
   d - Confuse                        Hexes                        3
   e - Dazzling Spray                 Conjuration/Hexes            3
   f - Enslavement                    Hexes                        4
Comestibles
 d - a meat ration
 k - a bread ration
 u - a slice of pizza


   Skills:
 + Level 1.7 Fighting
 + Level 2.0 Short Blades
 + Level 2.5 Armour
 - Level 1.5 Dodging
 - Level 2.4 Stealth
 * Level 2.8 Spellcasting
 + Level 3.6 Hexes
 + Level 1.0 Invocations


You had one spell level left.
You knew the following spells:

 Your Spells              Type           Power        Failure   Level  Hunger
a - Corona                Hex            ###....      6%          1    None
b - Ensorcelled Hibernat  Hex/Ice        #.....       17%         2    ##.....
c - Sure Blade            Hex/Chrm       #.........   17%         2    ##.....
d - Confuse               Hex            ###.....     17%         3    ###....


Dungeon Overview and Level Annotations

Branches:
Dungeon (3/15)

Altars:
Okawaru
Ru
Sif Muna

Annotations:
D:3 Robin; gw's ghost, average HaWz


Innate Abilities, Weirdness & Mutations

Scrolls take you a little longer to read.
You possess an exceptional clarity of mind.
Your mind is acute. (Int +2)


Message History

Space bends around you.
Unknown command.
Unknown command.
Unknown command.
Unknown command.
Use which ability? (? or * to list)
You fail to use your ability.
The adder bites you.
You are poisoned.
The adder poisons you! The goblin barely misses you.
The hobgoblin barely misses you. Robin throws the goblin at you!
The adder bites you but does no damage.
Use which ability? (? or * to list)
You fail to use your ability.
You feel sick.
The hobgoblin seems less confused.
You kill the adder!
Okawaru accepts your kill.
Your Invocations skill increases to level 1!
The goblin hits you but does no damage. The goblin closely misses you.
The hobgoblin hits you with a club. Robin hits you but does no damage.
Space bends around you.
You die...

... # #.. # #.#
.## ###### #g##
....#....%
#######..#
.......###.
#......K.#
..##.......
#......g.#
#..######...
#.....ggg###..$.#
#...#
#.....%og....#
##.###
#.....g.....##
#..#
#...........#
##.###
#.........###
....#
#..........###
##.#.##
............#
#..#...
#######.##.#
##......
#.##.####.######
#.##.....#..~~~.


You could see Robin, 2 hobgoblins, 4 goblins and a kobold.

Table legend:
 A = Turns spent in this place as a percentage of turns spent in the entire game.
 B = Non-inter-level travel turns spent in this place as a percentage of non-inter-level travel turns spent in the entire game.
 C = Inter-level travel turns spent in this place as a percentage of turns spent in this place.
 D = Turns resting spent in this place as a percentage of non-inter-level travel turns spent in this place.
 E = Turns spent auto-exploring this place as a percentage of non-inter-level travel turns spent in this place.
 F = Non-inter-level travel turns spent in this place divided by the number of levels of this place that you've seen.
                   A       B       C       D       E      F
               +-------+-------+-------+-------+-------+----------------------
         Total | 100.0 | 100.0 |   0.7 |   3.0 |   1.8 | 1769.3
       Dungeon | 100.0 | 100.0 |   0.7 |   3.0 |   1.8 | 1769.3
               +-------+-------+-------+-------+-------+----------------------

Table legend:
 A = Kills in this place as a percentage of kills in entire the game.
 B = Kills by you in this place as a percentage of kills by you in the entire game.
 C = Kills by friends in this place as a percentage of kills by friends in the entire game.
 D = Other kills in this place as a percentage of other kills in the entire game.
 E = Experience gained in this place as a percentage of experience gained in the entire game.
 F = Experience gained in this place divided by the number of levels of this place that you have seen.
                   A       B       C       D       E      F
               +-------+-------+-------+-------+-------+----------------------
         Total | 100.0 | 100.0 |  -nan |  -nan | 100.0 |  94.0
       Dungeon | 100.0 | 100.0 |  -nan |  -nan | 100.0 |  94.0
               +-------+-------+-------+-------+-------+----------------------

Vanquished Creatures
  An orc priest (D:3)
  An orc wizard (D:3)
  A giant mite (D:2)
  7 adders
  A giant gecko (D:1)
  5 orcs (D:3)
  12 bats
  2 giant cockroaches (D:1)
  8 goblins
  3 hobgoblins (D:2)
  11 kobolds
  3 quokkas (D:3)
  A ball python (D:1)
  2 giant newts
  4 jackals (D:2)
  10 rats
72 creatures vanquished.

Notes
Turn   | Place    | Note
--------------------------------------------------------------
     0 | D:1      | gw, the Hill Orc Enchanter, began the quest for the Orb.
     0 | D:1      | Reached XP level 1. HP: 14/14 MP: 2/2
   219 | D:1      | Reached XP level 2. HP: 18/20 MP: 0/3
   270 | D:1      | Learned a level 2 spell: Ensorcelled Hibernation
   893 | D:1      | Learned a level 2 spell: Sure Blade
  1106 | D:1      | Reached XP level 3. HP: 24/27 MP: 0/6
  1567 | D:1      | Reached skill level 1 in Armour
  1810 | D:1      | Learned a level 1 spell: Corona
  2044 | D:2      | Found a deep blue altar of Sif Muna.
  2257 | D:2      | Found an iron altar of Okawaru.
  2274 | D:2      | Reached skill level 1 in Fighting
  2274 | D:2      | Reached XP level 4. HP: 33/35 MP: 1/7
  2490 | D:2      | Became a worshipper of Warmaster Okawaru
  3441 | D:2      | Learned a level 3 spell: Confuse
  3728 | D:2      | Gained mutation: Scrolls take you a little longer to read. [potion of mutation]
  3728 | D:2      | Gained mutation: Your mind is acute. (Int +2) [potion of mutation]
  3728 | D:2      | Gained mutation: You possess an exceptional clarity of mind. [potion of mutation]
  4002 | D:3      | Reached XP level 5. HP: 40/40 MP: 0/9
  4226 | D:3      | Noticed gw's ghost (average HaWz)
  4299 | D:3      | Found a sacrificial altar of Ru.
  4446 | D:3      | Noticed Robin
  4459 | D:3      | Reached skill level 1 in Invocations
  4459 | D:3      | Slain by Robin

Action                   |  1- 3 |  4- 6 || total
-------------------------+-------+-------++-------
Melee: Dagger            |    96 |    82 ||   178
Throw: Stone             |    42 |    47 ||    89
 Cast: Corona            |    34 |    24 ||    58
       Sure Blade        |    13 |    13 ||    26
       Ensorcelled Hiber |    21 |    20 ||    41
       Confuse           |       |    10 ||    10
 Abil: Evoke Berserk Rag |       |     1 ||     1
  Use: Scroll            |     2 |     3 ||     5
       Potion            |     1 |     4 ||     5
 Stab: Sleeping          |     1 |       ||     1
  Eat: Chunk             |     7 |     7 ||    14
       Meat ration       |       |     1 ||     1

Vault maps used:
D:1:      scummos_arrival_simple_fountains
D:2:      nicolae_overflow_crystal_walls, okawaru_metal_pillars_1_2, first_bread
D:3:      lemuel_doored_altar, nicolae_ru_awakened_eye, uniq_robin, uniq_terence
